 Dungeon Crawl Stone Soup version 0.29.1-2-gbd0b4ee654 (webtiles) character file.

Game seed: 15960022724267238821

4374 hawla the Frost Mage (level 10, -1/76 (78) HPs)
             Began as a Meteoran Ice Elementalist on Oct 27, 2022.
             Was a Believer of Vehumet.
             Slain by a wight
             ... wielding a +1 vorpal hand axe
              (2 damage)
             ... on level 8 of the Dungeon.
             The game lasted 00:25:53 (5085 turns).

hawla the Frost Mage (Meteoran Ice Elementalist)    Turns: 5085, Time: 00:25:55

HP:   -1/76 (78)    AC:  8    Str: 13    XL:     10   Next: 91%
MP:   15/24         EV: 14    Int: 23    God:    Vehumet [**....]
Gold: 386           SH:  0    Dex: 18    Spells: 17/27 levels left

rFire   . . .      SeeInvis +   b - +11 falchion "Transmigrator" {distort, rN+ Int+2}
rCold   + . .      Faith    .   (no shield)
rNeg    + . .      Spirit   .   t - +0 steam dragon scales
rPois   .          Reflect  .   (no helmet)
rElec   +          Harm     .   (no cloak)
rCorr   .          Rampage  .   (no gloves)
Will    +....                   o - +0 pair of boots
Stlth   +.........              (no amulet)
HPRegen 0.22/turn               q - ring of see invisible
MPRegen 0.19/turn               k - +6 ring of strength

@: confused, ambrosia-drunk, freezing walls, glowing, lightly drained
A: sense surroundings 2, otherworldly, glowing, explore regen, iridescent scales
1, agile 1, cold resistance 1, electricity resistance, weak 1, inability to
drink after injury 1
a: Renounce Religion


You were on level 8 of the Dungeon.
You worshipped Vehumet.
Vehumet was pleased with you.
You visited 2 branches of the dungeon, and saw 9 of its levels.
You also visited: Sewer.

You collected 386 gold pieces.

Inventory:

Hand Weapons
 b - the +11 falchion "Transmigrator" (weapon) {distort, rN+ Int+2}
   (You found it on level 4 of the Dungeon)

   It warps and distorts space around it, and may blink, banish, or inflict
   extra damage upon those it strikes.
   Unwielding it can cause banishment or high damage.
   Int:       It affects your intelligence (+2).
   rN:        It protects you from negative energy.
Armour
 o - a +0 pair of boots (worn)
 t - +0 steam dragon scales (worn)
Jewellery
 f - a ring of resist corrosion
 k - a +6 ring of strength (right hand)
 q - a ring of see invisible (left hand)
 u - a +4 ring of slaying
Scrolls
 d - 2 scrolls of teleportation
 i - a scroll of poison
 j - 5 scrolls of identify
 m - 2 scrolls of amnesia
 r - 2 scrolls of enchant weapon {unknown}
 s - a scroll of magic mapping {unknown}
Potions
 c - 8 potions of flight
 e - 3 potions of cancellation
 h - 2 potions of attraction
 l - 2 potions of brilliance


   Skills:
 + Level 4.1 Fighting
 + Level 6.2 Long Blades
 + Level 4.6 Dodging
 - Level 1.4 Stealth
 + Level 9.0 Spellcasting
 + Level 5.2 Conjurations
 + Level 2.2 Fire Magic
 + Level 11.1 Ice Magic


You had 17 spell levels left.
You knew the following spells:

 Your Spells              Type           Power      Damage    Failure   Level
a - Freeze                Ice            100%       1d11      1%          1
b - Frozen Ramparts       Ice            100%       1d16      1%          3
c - Hailstorm             Conj/Ice       48%        3d11      2%          4
d - Scorch                Fire           40%        2d7       3%          2

Your spell library contained the following spells:

 Spells                   Type           Power      Damage    Failure   Level
 Ozocubu's Armour         Ice            58%        N/A       1%          3
 Sandblast                Erth           20%        2d7       6%          1
 Stone Arrow              Conj/Erth      44%        3d9       6%          3
 Passwall                 Tmut/Erth      8%         N/A       10%         2
 Summon Lightning Spire   Summ/Air       10%        N/A       52%         4
 Storm Form               Tmut/Air       5%         N/A       100%        7
 Maxwell's Capacitive Co  Air            5%         ∞         100%        8


Dungeon Overview and Level Annotations

Branches:
Dungeon (8/15) Zot: 385    Temple (1/1) D:4 Zot: 538    Lair (0/5) D:8
  Sewer (visited)

Altars:
Ashenzari
Cheibriados
Elyvilon
Fedhas
Hepliaklqana
Kikubaaqudgha
Makhleb
Nemelex Xobeh
Okawaru
Qazlal
Ru
Trog
Vehumet
Wu Jian
Xom
Zin
The Shining One

Annotations:
D:7 2 runed translucent doors


Innate Abilities, Weirdness & Mutations

You passively map the area around you.
You are easily found by Zot.
You glow in the dark.
You regain HP and MP as you explore.
You are partially covered in iridescent scales. (AC +2)
You are agile. (Dex +4, Str/Int -1)
Your flesh is cold resistant. (rC+)
You are resistant to electric shocks. (rElec)
You are weak. (Str -2)
You occasionally lose the ability to drink potions when taking damage.


Message History

The wall freezes the wight but does no damage.
The wight hits you with a +1 vorpal hand axe.
Casting: Scorch (safe; 3% risk of failure)
Confirm with . or Enter, or press ? or * to list all spells.
Flames lash the wight.
The wight is heavily damaged.
The wight's fire resistance burns away.
The wight completely resists.
The wall freezes the wight but does no damage.
The wight barely misses you.
The wight resists.
The wall freezes the wight.
The wight hits you with a +1 vorpal hand axe.
* * * LOW HITPOINT WARNING * * *
x2 It was a potion of ambrosia.
You are confused.
You feel invigorated.
The wight completely resists.
The wall freezes the wight but does no damage.
The wight closely misses you.
The wight resists.
The wall freezes the wight.
The wight hits you with a +1 vorpal hand axe.
* * * LOW HITPOINT WARNING * * *
x2 Your frozen ramparts will break if you move.
Continue?
Okay, then.
The wight is no longer more vulnerable to fire.
The wight resists.
The wall freezes the wight.
The wight hits you with a +0 halberd!
* * * LOW HITPOINT WARNING * * *
The wight resists.
The wall freezes the wight.
The wight hits you with a +1 vorpal hand axe!
* * * LOW HITPOINT WARNING * * *
You partially resist.
You feel drained.
* * * LOW HITPOINT WARNING * * *
x2
Okay, then.
You are too confused!
Your frozen ramparts will break if you move.
Continue?
You hit the wight.
Space warps around the wight.
You destroy the wight!
Vehumet accepts your kill.
You feel your power returning.
The wight resists.
The wall freezes the wight.
The wight hits you with a +1 vorpal hand axe!
* * * LOW HITPOINT WARNING * * *
You partially resist.
You feel drained.
You die...

.....####..................###...
....######...####........#####...
....# #................#.........
###.# #......#..........######...
,*##......#......._..# #... *
###.......#..........# ####
........<............#
,*########.#.##.###.P.## #..<##@#
#.P.# #..###)z##.P.# *
##########.## ##.##.P.# * ,
#....#.....# ......# **
#....#.###.# ### ,, , #....#.#
#.# , #......# #.# ,,, , ,
#....### #.# , * , , #....#####.#
, ,


You could see a wight.

Vanquished Creatures
  Maggie (D:6)
  A hornet (D:8)
  2 wyverns (D:8)
  3 yaks (D:8)
  2 steam dragons
  An acid dragon (D:8)
  5 water moccasins
  A black bear (D:5)
  2 orc warriors (D:8)
  3 ice beasts
  A phantom (D:6)
  2 centaurs
  4 bullfrogs
  A scorpion (D:7)
  A wight (D:8)
  A howler monkey (D:8)
  2 hounds
  4 orc priests
  2 gnoll boudas
  Natasha (thrice) (D:3)
  5 iguanas
  8 orc wizards
  8 gnolls
  8 adders
  5 river rats (Sewer)
  5 white imps
  An ufetubus (D:4)
  3 adder skeletons (D:3)
  24 orcs
  11 ball pythons
  13 bats
  3 endoplasms
  4 giant cockroaches
  11 goblins
  6 hobgoblins
  5 jackals (Sewer)
  7 kobolds
  9 quokkas
  2 frilled lizards
  A giant cockroach zombie (D:3)
  5 rats
186 creatures vanquished.

Vanquished Creatures (others)
  10 fungi
  16 plants (D:8)
  4 withered plants (D:3)
30 creatures vanquished.

Grand Total: 216 creatures vanquished

Notes
Turn   | Place    | Note
-------+----------+-------------------------------------------
     0 | D:1      | hawla the Meteoran Ice Elementalist began the quest for the
                  | Orb.
     0 | D:1      | Reached XP level 1. HP: 14/14 MP: 5/5
   143 | D:1      | Reached XP level 2. HP: 16/20 MP: 4/6
   376 | D:1      | Reached skill level 5 in Ice Magic
   376 | D:1      | Reached XP level 3. HP: 25/26 MP: 5/8
   380 | D:1      | Learned a level 3 spell: Frozen Ramparts
   500 | D:1      | Glimpsed the power of Zot.
   604 | D:2      | Identified the +2 ring mail of Qiomem {rF+}
  1100 | D:2      | Glimpsed the power of Zot.
  1107 | D:2      | Reached XP level 4. HP: 33/33 MP: 2/9
  1171 | D:3      | Learned a level 4 spell: Hailstorm
  1252 | D:3      | Noticed Natasha
  1254 | D:3      | Killed Natasha
  1255 | D:3      | Reached skill level 6 in Ice Magic
  1255 | D:3      | Reached XP level 5. HP: 38/38 MP: 6/11
  1471 | D:3      | Noticed Natasha
  1478 | D:3      | Killed Natasha
  1692 | D:3      | Glimpsed the power of Zot.
  1742 | D:3      | Noticed Natasha
  1742 | D:3      | Glimpsed the power of Zot.
  1746 | D:3      | Killed Natasha
  1747 | D:3      | Reached XP level 6. HP: 39/45 MP: 3/12
  1782 | D:3      | Glimpsed the power of Zot.
  1792 | D:3      | Touched by the power of Zot.
  1815 | D:4      | Identified the +5 short sword "Ojeoraq" {vorpal, *Noise
                  | rPois rF+++ Dex+2}
  1975 | D:4      | Found a shimmering altar of Xom.
  1993 | D:4      | Reached skill level 7 in Ice Magic
  2106 | D:4      | Found a glowing drain.
  2111 | Sewer    | Entered a sewer
  2359 | Sewer    | Reached XP level 7. HP: 37/45 MP: 4/13
  2389 | Sewer    | Reached skill level 1 in Conjurations
  2390 | Sewer    | Reached skill level 8 in Ice Magic
  2509 | Sewer    | Glimpsed the power of Zot.
  2765 | D:4      | Found a staircase to the Ecumenical Temple.
  2799 | D:4      | Identified the +11 falchion "Transmigrator" {distort, rN+
                  | Int+2}
  2900 | Temple   | Entered the Ecumenical Temple
  2944 | Temple   | Became a worshipper of Vehumet
  2982 | D:4      | Glimpsed the power of Zot.
  3030 | D:4      | Glimpsed the power of Zot.
  3043 | D:5      | Entered Level 5 of the Dungeon
  3070 | D:5      | Found a bloodstained altar of Trog.
  3168 | D:5      | Found an ancient bone altar of Kikubaaqudgha.
  3210 | D:5      | Reached skill level 1 in Long Blades
  3231 | D:5      | Reached XP level 8. HP: 30/58 MP: 9/14
  3233 | D:5      | You fall into a shaft and drop 1 floor!
  3314 | D:6      | Reached skill level 1 in Fighting
  3314 | D:6      | Gained mutation: You occasionally lose the ability to read
                  | scrolls when taking damage. [potion of mutation]
  3315 | D:6      | Lost mutation: You occasionally lose the ability to read
                  | scrolls when taking damage. [potion of mutation]
  3315 | D:6      | Gained mutation: Your flesh is heat resistant. (rF+)
                  | [potion of mutation]
  3315 | D:6      | Gained mutation: Your spells are a little easier to cast,
                  | but a little less powerful. [potion of mutation]
  3316 | D:6      | Lost mutation: Your spells are a little easier to cast, but
                  | a little less powerful. [potion of mutation]
  3316 | D:6      | Lost mutation: Your flesh is heat resistant. (rF+) [potion
                  | of mutation]
  3316 | D:6      | Gained mutation: You are dopey. (Int -2) [potion of
                  | mutation]
  3316 | D:6      | Gained mutation: Your flesh is cold resistant. (rC+)
                  | [potion of mutation]
  3316 | D:6      | Gained mutation: You are weak. (Str -2) [potion of
                  | mutation]
  3316 | D:6      | Gained mutation: You have a somewhat thin skeletal
                  | structure. (Dex +2, Stealth+) [potion of mutation]
  3317 | D:6      | Lost mutation: You have a somewhat thin skeletal structure.
                  | (Dex +2, Stealth+) [potion of mutation]
  3317 | D:6      | Lost mutation: You are dopey. (Int -2) [potion of mutation]
  3317 | D:6      | Gained mutation: You have hidden genetic potential. [potion
                  | of mutation]
  3317 | D:6      | Gained mutation: You are agile. (Dex +4, Str/Int -1)
                  | [potion of mutation]
  3317 | D:6      | Gained mutation: You occasionally lose the ability to drink
                  | potions when taking damage. [potion of mutation]
  3369 | D:6      | Reached skill level 9 in Ice Magic
  3437 | D:6      | Noticed a steam dragon
  3444 | D:6      | Killed a steam dragon
  3471 | D:6      | Noticed Maggie
  3477 | D:6      | Killed Maggie
  3478 | D:6      | Gained mutation: You passively map the area around you.
                  | [Meteoran growth]
  3478 | D:6      | Reached XP level 9. HP: 29/67 MP: 4/17
  3864 | D:6      | Reached * piety under Vehumet
  3864 | D:6      | Offered knowledge of Magic Dart by Vehumet.
  3867 | D:6      | Reached skill level 5 in Spellcasting
  3873 | D:6      | Gained mutation: You are partially covered in iridescent
                  | scales. (AC +2) [hidden potential]
  4171 | D:6      | Glimpsed the power of Zot.
  4248 | D:7      | Found a hazy altar of Hepliaklqana.
  4261 | D:7      | Identified the +1 ring mail of Hyri {-Cast rC++ Regen+
                  | Slay+5}
  4278 | D:7      | Reached skill level 10 in Ice Magic
  4321 | D:7      | Found a large runed translucent door.
  4322 | D:7      | Found a large runed translucent door.
  4386 | D:7      | Reached skill level 5 in Long Blades
  4644 | D:7      | Reached XP level 10. HP: 77/77 MP: 11/20
  4770 | D:7      | Glimpsed the power of Zot.
  4858 | D:8      | Offered knowledge of Scorch by Vehumet.
  4858 | D:8      | Reached ** piety under Vehumet
  4861 | D:8      | Gained mutation: You are resistant to electric shocks.
                  | (rElec) [hidden potential]
  4861 | D:8      | Lost mutation: You have hidden genetic potential. [hidden
                  | potential expressed]
  4862 | D:8      | Learned a level 2 spell: Scorch
  4907 | D:8      | Found a stormy altar of Qazlal.
  5004 | D:8      | Reached skill level 1 in Fire Magic
  5012 | D:8      | Found a staircase to the Lair.
  5017 | D:8      | Reached skill level 5 in Conjurations
  5017 | D:8      | Reached skill level 11 in Ice Magic
  5046 | D:8      | Found a broken altar of Ashenzari.
  5085 | D:8      | HP: 1/77 [wight/+1 vorpal hand axe (7)]
  5085 | D:8      | Slain by a wight

Illustrated notes

Levels and vault maps discovered:
D:1:      wheals_arrival_shading, layout_loops_corners,
          shapermc_ecumenical_altar_petra
D:2:      layout_loops_ring, minmay_octomino_e4
D:3:      layout_loops_ring, mainiacjoe_overflow_alcove_1, serial_undead,
          serial_undead_a, serial_undead_a, serial_undead_d, serial_undead_f,
          uniq_natasha
D:4:      layout_basic, xom_teletrap_fun, temple_pool_b, gup_sewer_entry_bowl
D:5:      layout_loops_cross, kiku_gazebo_pond_becter,
          mainiacjoe_overflow_brackets, grunt_ministairs_10, minmay_between,
          uniq_crazy_yiuf_cottage
D:6:      layout_layer_cave, serial_shops, nicolae_shop_hallway_stairs,
          grunt_ministairs_7, grunt_decor_arrowhead, grunt_decor_one_mirror,
          eino_small_chamber_without_monster, uniq_maggie
D:7:      layout_cave_pods, nicolae_hepliaklqana_hazy_memory,
          jmf_multi_god_temple2, dreamdust_mushroom_princess
D:8:      layout_rooms, mainiacjoe_overflow_boulevard,
          overflow_temple_1_default, nicolae_qazlal_style_of_elements,
          minmay_lair_entry_grove, minmay_fractal_squares_5
Temple:   nicolae_temple_ecumenical_triangle

Skill      XL: |  1  2  3  4  5  6  7  8  9 10 |
---------------+-------------------------------+-----
Ice Magic      | 5 6 7 8 9 10 11 | 11.1
Spellcasting   | 3 4 6 9 |  9.0
Conjurations   | 1 2 3 5 |  5.2
Long Blades    | 1 3 5 6 |  6.2
Dodging        | 3 4 |  4.6
Fighting       | 2 3 4 |  4.1
Fire Magic     | 2 |  2.2
Stealth        | |  1.4

Action                   |  1- 3 |  4- 6 |  7- 9 | 10-12 || total
-------------------------+-------+-------+-------+-------++-------
Melee: Unarmed           |    32 |    47 |       |       ||    79
       Short sword       |       |    40 |    22 |       ||    62
       Falchion          |       |       |    81 |    14 ||    95
       Punch             |       |       |     1 |       ||     1
 Cast: Freeze            |    29 |    23 |     2 |     1 ||    55
       Frozen Ramparts   |     5 |    14 |    12 |     9 ||    40
       Hailstorm         |       |    19 |    23 |    13 ||    55
       Scorch            |       |       |       |    10 ||    10
  Use: Scroll            |     2 |     5 |    10 |     2 ||    19
       Potion            |       |     1 |     6 |     3 ||    10
Armor: Robe              |    25 |    23 |    17 |       ||    65
       Steam dragon scal |       |       |     2 |     9 ||    11
Dodge: Dodged            |    49 |    67 |    81 |    32 ||   229
